 Dungeon Crawl Stone Soup version 0.27.1-35-g4d5d836560 (webtiles) character file.

Game seed: 14043576342122054531

81 Delamore the Sneak (level 4, -8/29 HPs)
             Began as an Octopode Brigand on June 4, 2022.
             Was an Initiate of Gozag.
             Mangled by Grinder (10 damage)
             ... on level 3 of the Dungeon.
             The game lasted 00:02:14 (1463 turns).

Delamore the Sneak (Octopode Brigand)               Turns: 1463, Time: 00:02:15

Health: -8/29      AC:  1    Str: 10    XL:     4   Next: 40%
Magic:  4/4        EV: 13    Int: 13    God:    Gozag
Gold:   42         SH:  0    Dex: 14    Spells: 3/3 levels left

rFire    . . .     SeeInvis .   a - +2 dagger
rCold    . . .     Faith    .   (no shield)
rNeg     . . .     Spirit   .   (helmet restricted)
rPois    .         Reflect  .   (no amulet)
rElec    .         Harm     .   (no ring)
rCorr    .         Rampage  .   (no ring)
Will     .....                  (no ring)
Stlth    ++++......             (no ring)
HPRegen  0.09/turn              (no ring)
MPRegen  0.09/turn              (no ring)
                                (no ring)
                                (no ring)

@: gold aura
A: almost no armour, amphibious, 8 rings, camouflage 1, gelatinous body 1,
(nimble swimmer 1), tentacles
a: Renounce Religion, Potion Petition, Call Merchant, Bribe Branch


You were on level 3 of the Dungeon.
You worshipped Gozag.
Gozag was noncommittal.
You visited 1 branch of the dungeon, and saw 3 of its levels.

You collected 115 gold pieces.
You paid 73 gold pieces to Gozag.

Inventory:

Hand Weapons
 a - a +2 dagger (weapon)
Missiles
 b - 8 poisoned darts (quivered)
 c - 2 curare-tipped darts
 d - 18 stones
Scrolls
 f - 2 scrolls of teleportation
 h - a scroll of magic mapping
 i - a scroll of blinking {unknown}
 k - a scroll of silence {unknown}
Potions
 e - a potion of berserk rage {unknown}
 g - a potion of curing {unknown}
 j - a potion of lignification {unknown}


   Skills:
 - Level 2.0 Fighting
 - Level 3.8 Short Blades
 + Level 3.0 Throwing
 + Level 1.1 Dodging
 - Level 5.3 Stealth


You had 3 spell levels left.
You didn't know any spells.
Your spell library was empty.

Dungeon Overview and Level Annotations

Branches:
Dungeon (3/15)

Altars:
Dithmenos
Elyvilon
Fedhas
Gozag
Qazlal
Sif Muna
Trog
Xom

Shops:
D:3 *

Annotations:
D:3 1 runed translucent door, Crazy Yiuf, Grinder


Innate Abilities, Weirdness & Mutations

You cannot wear most types of armour.
You are amphibious.
You can wear up to eight rings at the same time.
Your skin changes colour to match your surroundings (Stealth+).
Your rubbery body absorbs attacks. (AC +1, EV +1)
((You are camouflaged near water. (Stealth+)))
You have tentacles for arms and can constrict up to eight enemies at once.


Message History

You see here 7 gold pieces.
You hit the goblin but do no damage. Your grab misses the goblin.
The goblin barely misses you.
You closely miss the goblin. You grab the goblin.
You constrict the goblin, but do no damage.
You completely miss the goblin. You squeeze the goblin.
You kill the goblin!
Grinder blinks!
Grinder says, "Wait up."
Grinder blinks!
Grinder gestures at you. Pain shoots through your body!
You hit Grinder. You grab Grinder.
Grinder is lightly wounded.
You constrict Grinder. Grinder hits you but does no damage.
You hit Grinder.
Grinder is moderately wounded.
You constrict Grinder, but do no damage.
Grinder grins, showing sharp teeth.
Grinder hits you!
You hit Grinder. You squeeze Grinder!
Grinder is heavily wounded.
You constrict Grinder. You completely miss Grinder. You squeeze Grinder!
Grinder is severely wounded.
You constrict Grinder, but do no damage.
Grinder gestures at you. Pain shoots through your body!
You completely miss Grinder.
Grinder is severely wounded.
You constrict Grinder. Grinder hits you!
* * * LOW HITPOINT WARNING * * *
You writhe in agony.
* * * LOW HITPOINT WARNING * * *
Okay, then.
You hit Grinder but do no damage.
Grinder is almost dead.
You constrict Grinder. Grinder hits you!
You die...
Your body crumbles into a pile of gold.

### #.. #.. #..
################..
#######.......|.##......
#.......................
#.....5......####......
#..≈≈.@......# #......
##.≈..≈..$....## #......
#≈≈≈.$≈..≈≈...≈###......
#≈≈≈.$≈..≈..≈..≈≈##.#####
#≈≈...≈.⌠≈..≈..≈≈##.#.#8#
#≈≈..≈..≈⌠.≈...≈≈##.8.#.#
#≈≈..≈..≈..≈..≈≈≈##......
##≈...≈≈..≈..≈≈≈###......
##.......≈..≈.## ##8.#.#


You could see Grinder.

Vanquished Creatures
  A hound skeleton (D:2)
  2 adders (D:2)
  3 dart slugs
  A worm (D:2)
  5 ball pythons
  5 bats
  4 endoplasms (D:1)
  3 giant cockroaches
  5 goblins
  3 hobgoblins (D:2)
  3 quokkas (D:1)
  3 frilled lizards
  A kobold (D:3)
  3 rats
42 creatures vanquished.

Notes
Turn   | Place    | Note
-------+----------+-------------------------------------------
     0 | D:1      | Delamore the Octopode Brigand began the quest for the Orb.
     0 | D:1      | Reached XP level 1. HP: 14/14 MP: 1/1
   130 | D:1      | Found a faded altar of an unknown god.
   197 | D:1      | Reached XP level 2. HP: 19/19 MP: 2/2
   349 | D:1      | Reached XP level 3. HP: 24/24 MP: 3/3
   580 | D:2      | Found a blossoming altar of Fedhas.
   592 | D:2      | Reached XP level 4. HP: 29/29 MP: 4/4
  1135 | D:3      | Found a white marble altar of Elyvilon.
  1174 | D:3      | Found Iciniet's General Store.
  1328 | D:3      | Found a runed translucent door.
  1329 | D:3      | Noticed Crazy Yiuf
  1363 | D:3      | Found a shimmering altar of Xom.
  1369 | D:3      | Found a shadowy altar of Dithmenos.
  1370 | D:3      | Found a shimmering blue altar of Sif Muna.
  1372 | D:3      | Found a stormy altar of Qazlal.
  1373 | D:3      | Found a bloodstained altar of Trog.
  1374 | D:3      | Found an opulent altar of Gozag.
  1420 | D:3      | Became a worshipper of Gozag Ym Sagoz the Greedy
  1444 | D:3      | Noticed Grinder
  1463 | D:3      | Mangled by Grinder

Illustrated notes

Levels and vault maps discovered:
D:1:      lemuel_arrival_lava_pool, layout_rooms,
          chequers_ecumenical_altar_twisty, chequers_serial_rivers_micro_b
D:2:      layout_loops_cross, basic_altar
D:3:      cheibrodos_helix_gallery, layout_basic, elyvilon_altar_4, minitemple,
          nicolae_uskayaw_en_pointe, serial_shops, shop, shop_coins, shop,
          minivault_23, lightli_corner_chamber, uniq_grinder,
          uniq_crazy_yiuf_cottage

Skill      XL: |  1  2  3  4 |
---------------+-------------+-----
Short Blades   | 3 |  3.8
Throwing       | 3 |  3.0
Fighting       | |  2.0
Dodging        | |  1.1
Stealth        | |  5.3

Action                   |  1- 3 |  4- 6 || total
-------------------------+-------+-------++-------
Melee: Dagger            |    38 |    33 ||    71
       Constrict         |     7 |     7 ||    14
       Tentacles         |     5 |     4 ||     9
  Use: Scroll            |     1 |     1 ||     2
 Stab: Sleeping          |    14 |     7 ||    21
Armor: Skin              |       |     2 ||     2
Dodge: Dodged            |    19 |     8 ||    27
